Workbook
Name CELL_DATANUM: [1]設定情報!$B$26
Name CELL_HDRNUM: [1]設定情報!$B$25
Name CELL_TRENUM: [1]設定情報!$B$27
Name CSV_DATAID: [1]設定情報!$B$6
Name CSV_DATANUM: [1]設定情報!$B$11
Name CSV_ENDID: [1]設定情報!$B$9
Name CSV_HDRID: [1]設定情報!$B$5
Name CSV_HDRNUM: [1]設定情報!$B$10
Name CSV_IDCOL: [1]設定情報!$B$3
Name CSV_ITEMCOL: [1]設定情報!$B$4
Name CSV_MEMOID: [1]設定情報!$B$8
Name CSV_TREID: [1]設定情報!$B$7
Name CSV_TRENUM: [1]設定情報!$B$12
Name DATA_ITEM1: [1]設定情報!$B$71
Name DATE_EDIT: [1]設定情報!$B$37
Name ERRCODE: [1]設定情報!$B$31
Name ERRMSG: [1]設定情報!$B$32
Name FORM_PAGENUM: [1]設定情報!$B$17
Name FORM_ROWNUM: [1]設定情報!$B$16
Name HDR_ITEM1: [1]設定情報!$B$54
Name SHEET_LAST_COL: [1]設定情報!$C$23
Name SHEET_LAST_ROW: [1]設定情報!$B$23
Name SHEET_PRI_CNT: [1]設定情報!$B$21
Name TRE_ITEM1: [1]設定情報!$B$94
Name 加算等: '[2](6)算定点検シート'!$N$4:$N$42
Name 加算等: #REF!
Name 加算等: #REF!
Name 加算等: #REF!
Name 介護度: #REF!
Name 介護度: #REF!
Name 介護度: #REF!
Name 勤務形態: '[2](4)勤務一覧表'!$AN$2:$AN$5
Name 勤務形態: #REF!
Name 勤務形態: #REF!
Name 勤務形態: #REF!
Name 月: '[2](4)勤務一覧表'!$AM$2:$AM$13
Name 月: #REF!
Name 月: #REF!
Name 月: #REF!
Name 三択☑: #REF!
Name 三択☑: #REF!
Name 三択☑: #REF!
Name 三択ck: '[2](6)算定点検シート'!$L$3:$L$6
Name 四択☑: #REF!
Name 四択☑: #REF!
Name 四択☑: #REF!
Name 資格等: '[2](4)勤務一覧表'!$AO$1:$AO$13
Name 資格等: #REF!
Name 資格等: #REF!
Name 資格等: #REF!
Name 事業所名: '[2](1)フェイスシート '!$E$11
Name 事業所名: #REF!
Name 事業所名: #REF!
Name 事業所名: #REF!
Name 時間区分: '[2](4)勤務一覧表'!$U$6:$U$19
Name 時間区分: #REF!
Name 時間区分: #REF!
Name 時間区分: #REF!
Name 職種: '[2](4)勤務一覧表'!$AN$6:$AN$11
Name 職種: #REF!

Sheet ⑴基本情報
A1: 事業所基本情報(看護小規模多機能型居宅介護）
A3: 法人 | D3: 名称
D4: 代表者 | F4: 職 | J4: 氏名
A5: 事業所番号
A6: 事業所 | D6: 名称
D7: 所在地
D8: 電話番号 | K8: ＦＡＸ
D9: メールアドレス
A10: 指定（更新） 年月日 | D10: 新規指定日 | K10: 年 | M10: 月 | O10: 日
D11: 指定更新日（直近） | K11: 年 | M11: 月 | O11: 日
D12: 指定有効期限日 | H12: 令和 | K12: 年 | M12: 月 | O12: 日
A13: 日中の時間帯 （夜間・深夜除く） | G13: ： | J13: ～ | N13: ：
A14: 利用者数 （記載日の前月） | D14: 要介護者 | H14: 人 | I14: うち同一建物居住者 | M14: なし ・ あり | Q14: 人
A15: 通い利用者数平均（前年度） | H15: 人
I16: ※小数点以下第2位切上げ
A17: 短期利用 | D17: 短期利用居宅介護費の提供体制 | L17: なし ・ あり | Q17: 人
D18: 開始日 | J18: 年 | L18: 月 | N18: 日
A19: 管理者 | D19: 氏名
D20: 兼務職種
A21: 記入担当者 | D21: 職名 | K21: 氏名
A22: 記入年月日 | D22: 令和 | I22: 年 | L22: 月 | O22: 日

Sheet ⑵利用者一覧 
B1: 利用者一覧
B2: 事業所名 | C2: =IF(⑴基本情報!$F$6="","",⑴基本情報!$F$6)
B3: 氏名 | C3: 被保険者番号 | D3: 認定の有効期間 | F3: 介護 度 | G3: サービス利用
D4: 開始日 | E4: 期限日 | G4: 開始年月日 | H4: 終了年月日
A5: 1
A6: 2
A7: 3
A8: 4
A9: 5
A10: 6
A11: 7
A12: 8
A13: 9
A14: 10
A15: 11
A16: 12
... A24: 20
B25: 記載要領 | C25: ※過去1年以内に利用契約を終了した利用者を含めて記載してください。 ※要介護１～５まで、介護度別に最大各５名まで記載してください。 ※行が不足する場合は、適宜挿入して作成してください。

Sheet ⑶職員一覧 
B1: 職員一覧
B2: 事業所名 | C2: =IF(⑴基本情報!$F$6="","",⑴基本情報!$F$6)
B3: 氏名 | C3: 職種 | D3: 保有資格 (認知症基礎研修を含む） | E3: 他事業所との兼務 | G3: 就業期間
E4: 事業所名 | F4: 職種 | G4: 就業年月日 | H4: 退職年月日
A5: 1
A6: 2
A7: 3
A8: 4
A9: 5
A10: 6
A11: 7
A12: 8
A13: 9
A14: 10
A15: 11
A16: 12
... A24: 20
B25: 記載要領 | C25: ※過去1年以内に退職した職員を含めて記載してください。 ※行が不足する場合は、適宜、挿入して作成してください。

Sheet ⑷勤務一覧表 
A1: 勤務体制・勤務形態一覧表 | Q1: 事業所名 | U1: =IF(⑴基本情報!$F$6="","",⑴基本情報!$F$6)
A2: （看護小規模多機能型居宅介護）
A3: 記載要領 | U3: 勤務時間区分一覧 | AM3: 2 | AN3: Ｂ | AO3: 保健師
U4: 記号 | W4: 始業時刻 | AD4: 終業時刻 | AI4: 休憩 時間 | AK4: 実働 時間 | AM4: 3 | AN4: Ｃ | AO4: 看護師
A5: １ 管理者を含む従業者全員について、勤務状況を記入してください。 | AM5: 4 | AN5: Ｄ | AO5: 准看護師
A6: ２ 実績での作成が可能な直近の月について作成してください。 | U6: a | Y6: ： | AB6: ～ | AF6: ： | AM6: 5 | AN6: 管理者 | AO6: 社会福祉士
A7: ３ 右の「勤務時間区分一覧」に勤務表上の勤務時間帯を示す記号の一覧を記入 | U7: b | Y7: ： | AB7: ～ | AF7: ： | AM7: 6 | AN7: 生活相談員 | AO7: 精神保健福祉士
A8: してください。記号は事業所で使用している記号に置き換えても構いません。 | U8: c | Y8: ： | AB8: ～ | AF8: ： | AM8: 7 | AN8: 看護職員 | AO8: 社会福祉主事任用資格
A9: ４ 「資格」欄には、資格要件が必要な職種について記入してください。（加算要件を含む） | U9: d | Y9: ： | AB9: ～ | AF9: ： | AM9: 8 | AN9: 介護職員 | AO9: 介護支援専門員
A10: ５ 勤務形態欄は、次の区分によりアルファベットで記入してください。 | U10: e | Y10: ： | AB10: ～ | AF10: ： | AM10: 9 | AN10: 機能訓練指導員 | AO10: 介護福祉士
A11: 勤務形態の区分 Ａ：常勤で専従 Ｂ：常勤で兼務 Ｃ：非常勤で専従 Ｄ：非常勤で兼務 | U11: f | Y11: ： | AB11: ～ | AF11: ： | AM11: 10 | AO11: 介護員養成研修修了者
A12: 〇当該事業所での兼務がある場合は、行を分けて、それぞれの職種ごとに日々の | U12: g | Y12: ： | AB12: ～ | AF12: ： | AM12: 11 | AO12: 介護職員基礎研修修了者
A13: 勤務時間の記号、勤務時間合計等を記入してください。 | U13: h | Y13: ： | AB13: ～ | AF13: ： | AM13: 12 | AO13: ﾎｰﾑﾍﾙﾊﾟｰ1級修了者
A14: 〇他事業所との兼務の場合は、当該事業所での職種に従事する場合の４週の | U14: i | Y14: ： | AB14: ～ | AF14: ： | AO14: ﾎｰﾑﾍﾙﾊﾟｰ2級修了者
A15: 勤務時間合計などを記入してください。 | U15: j | Y15: ： | AB15: ～ | AF15: ： | AO15: 理学療法士
A16: ６ 勤務時間数に算入できることができる時間数は、常勤の従業者が勤務すべき | U16: k | Y16: ： | AB16: ～ | AF16: ： | AO16: 作業療法士
A17: 勤務時間数が上限となります。 | U17: l | Y17: ： | AB17: ～ | AF17: ：
U18: m | Y18: ： | AB18: ～ | AF18: ：
A19: ※上記の記載要領の内容を満たしていれば、任意の様式でもかまいません。 | U19: 休
U20: 有
U21: ※勤務時間内の休憩時間数及び実労働時間数を記載してください。
U22: ※記号が不足する場合は適宜、行を挿入して記載してください。
AO24: 言語聴覚士
A25: 勤務体制・勤務形態一覧表 | F25: （令和 | I25: 年 | K25: 月分） | T25: サービス種別 | Y25: 看護小規模多機能型居宅介護 | AO25: 柔道整復師
AO26: あん摩ﾏｯｻｰｼﾞ指圧師
A27: 事業所名 | B27: =IF(⑴基本情報!$F$6="","",⑴基本情報!$F$6) | Q27: 常勤の従業者が勤務すべき時間数 | AB27: 週 | AK27: 時間
A28: 定員 | C28: 人 | D28: （通い： | E28: 人 | G28: 宿泊： | K28: 人 | L28: ） | Q28: 夜間及び深夜の時間を除く時間帯 | AD28: ： | AG28: ～ | AJ28: ：
A30: 職 種 | B30: 資 格 | C30: 勤務形態 | D30: 氏 名 | F30: 第１週 | M30: 第２週 | T30: 第３週 | AA30: 第４週 | AH30: 第５週 | AK30: 4週間の勤務時間合計
E31: 日 | F31: 1 | G31: 2 | H31: 3 | I31: 4 | J31: 5 | K31: 6 | L31: 7 | M31: 8 | N31: 9 | O31: 10 | P31: 11 | Q31: 12 | R31: 13 | S31: 14 | T31: 15 | U31: 16 | V31: 17 | W31: 18 | X31: 19 | Y31: 20 | Z31: 21 | AA31: 22 | AB31: 23 | AC31: 24 | AD31: 25 | AE31: 26 | AF31: 27 | AG31: =IF(COLUMN()-COLUMN($E$31)<=DAY(EOMONTH(IFERROR(DATEVALUE(CONCATENATE("H",IF(ISNUMBER($H$25),$H$25,1)+30,".",$J$25,".1")),TODAY()),0)),COLUMN()-COLUMN($E$31),"／") -> 28 | AH31: =IF(COLUMN()-COLUMN($E$31)<=DAY(EOMONTH(IFERROR(DATEVALUE(CONCATENATE("H",IF(ISNUMBER($H$25),$H$25,1)+30,".",$J$25,".1")),TODAY()),0)),COLUMN()-COLUMN($E$31),"／") -> 29 | AI31: =IF(COLUMN()-COLUMN($E$31)<=DAY(EOMONTH(IFERROR(DATEVALUE(CONCATENATE("H",IF(ISNUMBER($H$25),$H$25,1)+30,".",$J$25,".1")),TODAY()),0)),COLUMN()-COLUMN($E$31),"／") -> 30 | AJ31: =IF(COLUMN()-COLUMN($E$31)<=DAY(EOMONTH(IFERROR(DATEVALUE(CONCATENATE("H",IF(ISNUMBER($H$25),$H$25,1)+30,".",$J$25,".1")),TODAY()),0)),COLUMN()-COLUMN($E$31),"／") -> ／
E32: 曜 | F32: =IF(ISNUMBER(F31),TEXT(DATEVALUE(CONCATENATE("H",IF(ISNUMBER($H$25),$H$25,1)+30,".",$J$25,".",F31)),"aaa"),F31) -> #VALUE! | G32: =IF(ISNUMBER(G31),TEXT(DATEVALUE(CONCATENATE("H",IF(ISNUMBER($H$25),$H$25,1)+30,".",$J$25,".",G31)),"aaa"),G31) -> #VALUE! | H32: =IF(ISNUMBER(H31),TEXT(DATEVALUE(CONCATENATE("H",IF(ISNUMBER($H$25),$H$25,1)+30,".",$J$25,".",H31)),"aaa"),H31) -> #VALUE! | I32: =IF(ISNUMBER(I31),TEXT(DATEVALUE(CONCATENATE("H",IF(ISNUMBER($H$25),$H$25,1)+30,".",$J$25,".",I31)),"aaa"),I31) -> #VALUE! | J32: =IF(ISNUMBER(J31),TEXT(DATEVALUE(CONCATENATE("H",IF(ISNUMBER($H$25),$H$25,1)+30,".",$J$25,".",J31)),"aaa"),J31) -> #VALUE! | K32: =IF(ISNUMBER(K31),TEXT(DATEVALUE(CONCATENATE("H",IF(ISNUMBER($H$25),$H$25,1)+30,".",$J$25,".",K31)),"aaa"),K31) -> #VALUE! | L32: =IF(ISNUMBER(L31),TEXT(DATEVALUE(CONCATENATE("H",IF(ISNUMBER($H$25),$H$25,1)+30,".",$J$25,".",L31)),"aaa"),L31) -> #VALUE! | M32: =IF(ISNUMBER(M31),TEXT(DATEVALUE(CONCATENATE("H",IF(ISNUMBER($H$25),$H$25,1)+30,".",$J$25,".",M31)),"aaa"),M31) -> #VALUE! | ... AJ32: =IF(ISNUMBER(AJ31),TEXT(DATEVALUE(CONCATENATE("H",IF(ISNUMBER($H$25),$H$25,1)+30,".",$J$25,".",AJ31)),"aaa"),AJ31) -> ／
A48: 夜間及び深夜の時間を除く時間帯の勤務時間の合計
F49: 夜間及び深夜の時間を除く時間帯の常勤換算後の人数： | AD49: 人

Sheet (5)自己点検シート
A1: 自己点検シート（看護小規模多機能型居宅介護） 2026
A2: 事業所名 | D2: =IF(⑴基本情報!$F$6="","",⑴基本情報!$F$6) | F2: 事業所番号 | G2: =IF(⑴基本情報!D5="","",⑴基本情報!D5)
A3: 各項目を確認書類等により点検し、該当しない項目については「非該当」、確認内容を満たしているものには「適」、そうではないものは「不適」を■にしてください。 なお、「不適」の場合は必ず「備考」欄に理由を記載してください。また、補足説明などがある場合にも、「備考」欄に記載してください。 ○根拠条文 「条例」・・・・「佐世保市指定地域密着型サービスの事業の人員、設備及び運営等に関する基準を定める条例」 「基準」・・・・「指定地域密着型サービスの事業の人員、設備及び運営に関する基準」（条例第3条第1項による準用） 「解釈通知」・・・・「指定地域密着型サービス及び指定地域密着型介護予防サービスに関する基準について」 ※根拠条文中、準用等に係る規定は準用先の条文を記載しています。 ※この自己点検シートは全ての基準及び解釈通知等を記載したものではありません。基準等については、事業所において必ず確認してください。
A4: 点検項目 | D4: 確認事項 | E4: 根拠条文 | F4: 確認書類等 | G4: 点検結果
G5: 非該当 | H5: 適 | I5: 不適 | J5: 備考
A6: Ⅰ 総則
A7: 1 | B7: 申請者の要件 | C7: 1 | D7: 申請者は次の(1)(2)の通りとなっていますか。 ⑴ 法人であること。 ⑵ 役員等が佐世保市暴力団排除条例に規定する暴力団又は暴力団員でないこと。 | E7: 条例第4条 | H7: □ | I7: □
A8: 2 | B8: 指定地域密着型サービスの事業の一般原則 | C8: 1 | D8: 利用者の意思及び人格を尊重して、常に利用者の立場に立ったサービスの提供に努めていますか。 | E8: 基準第3条第1項 | H8: □ | I8: □
C9: 2 | D9: 事業を運営するに当たっては、地域との結び付きを重視し、市町村、他の地域密着型サービス事業者又は居宅サービス事業者その他の保健医療サービス及び福祉サービスを提供する者との連携に努めていますか。 | E9: 基準第3条第2項 | H9: □ | I9: □
C10: 3 | D10: 利用者の人権の擁護、虐待の防止等のため、必要な体制の整備を行うとともに、その従業者に対し、研修を実施する等の措置を講じていますか。 | E10: 基準第3条第3項 | H10: □ | I10: □
C11: 4 | D11: サービスを提供するに当たっては、介護保険法第118条の2第1項に規定する介護保険等関連情報その他必要な情報を活用し、適切かつ有効に行うよう努めていますか。 | E11: 基準第3条第4項 | H11: □ | I11: □
A12: Ⅱ 基本方針
A13: 3 | B13: 基本方針 | C13: 1 | D13: 事業は、要介護状態となった場合においても、その利用者が可能な限りその居宅において、その有する能力に応じ自立した日常生活を営むことができるよう、その療養生活を支援し、心身の機能の維持回復及び生活機能の維持又は向上を目指すものとなっていますか。 | E13: 基準第170条 | H13: □ | I13: □
A14: 3 | B14: 基本方針 | C14: 2 | D14: 要介護者について、その居宅において、又はサービスの拠点に通わせ、若しくは短期間宿泊させ、当該拠点において、家庭的な環境と地域住民との交流の下で、入浴、排せつ、食事等の介護その他の日常生活上の世話及び機能訓練を行うことにより、利用者がその有する能力に応じその居宅において自立した日常生活を営むことができるようにしていますか。 | E14: 基準170条 | H14: □ | I14: □
C15: 3 | D15: 通いを中心として、利用者の様態や希望に応じて、随時訪問や宿泊を組み合わせてサービスを提供することにより、利用者の居宅における生活の継続を支援するものとなっていますか。 | E15: 解釈通知第3四1(1) | H15: □ | I15: □
A16: Ⅲ 人員基準
A17: 4 | B17: 看護小規模多機能型居宅介護従業者 | C17: 1 | D17: 看護小規模多機能型居宅介護従業者を適切に配置していますか。 | E17: 基準第171条第1項、第2項 解釈通知第3八2(1)②ロ | F17: ・従業者の勤務体制及び勤務実績がわかるもの（例：勤務体制一覧表、勤務実績表） ・従業者の勤怠状況がわかるもの（例：タイムカード、勤怠管理システム） ・資格要件に合致していることがわかるもの（例：資格証の写し、研修を終了したことがわかるもの） | H17: □ | I17: □
D18: ※必要な配置 （夜間及び深夜の時間帯以外の時間帯） 常勤換算方法で、通いサービスの提供に当たる者をその利用者数（前年度の平均値）が3又はその端数を増すごとに1以上及び訪問サービスの提供に当たる者を2以上 （夜間及び深夜の時間帯） 夜間及び深夜の勤務（宿直勤務を除く。）に当たる者を1以上及び宿直勤務に当たる者を当該宿直勤務に必要な数以上
D19: ※夜間及び深夜の時間帯は、それぞれの事業所ごとに、宿泊サービスの利用者の生活サイクル等に応じて設定すること。また、時間帯の設定に当たっては、「社会福祉施設における宿直勤務の取扱いについて」に準じて適切に行うこととされています。
A20: 5 | B20: 宿直者等の配置 | C20: 1 | D20: 宿直者又は待機者を適切に配置していますか。 | E20: 基準第171条第1項 解釈通知第3八2(1)②ト | G20: □ | H20: □ | I20: □
C21: 2 | D21: 夜勤者、宿直者（待機者）のいずれも看護職員ではない場合、電話等による連絡体制を確保していますか。 | G21: □ | H21: □ | I21: □
A22: 6 | B22: 常勤の保健師又は看護師の配置 | C22: 1 | D22: 従業者のうち、１以上は常勤の保健師又は看護師となっていますか。 | E22: 基準第171条第3項 | H22: □ | I22: □
A23: 7 | B23: 看護師若しくは准看護師（看護職員） | C23: 1 | D23: 従業者のうち、常勤換算方法で2.5以上の者は、看護職員（保健師、看護師又は准看護師）となっていますか。 | E23: 基準第171条第4項 | H23: □ | I23: □
C24: 2 | D24: 通いサービス及び訪問サービスの提供に当たる従業者のうち、１以上の者は、看護職員となっていますか。 | E24: 基準第171条第5項 | H24: □ | I24: □
A25: 8 | B25: 介護支援専門員 | C25: 1 | D25: 専従の介護支援専門員を配置していますか。 | E25: 基準第171条第11項、第12項 解釈通知第3八2(1)③イ | F25: ・従業者の勤務体制及び勤務実績がわかるもの（例：勤務体制一覧表、勤務実績表） ・従業者の勤怠状況がわかるもの（例：タイムカード、勤怠管理システム） ・資格要件に合致していることがわかるもの（例：資格証の写し、研修を終了したことがわかるもの） | H25: □ | I25: □
C26: 2 | D26: 介護支援専門員は厚生労働大臣が定める研修（小規模多機能型サービス等計画作成担当者研修）を受講していますか。 | H26: □ | I26: □
C27: 3 | D27: 介護支援専門員は支障がある兼務をしていませんか。 | G27: □ | H27: □ | I27: □
D28: ※介護支援専門員は、利用者の処遇に支障がない場合は、当該事業所の他の職務に従事し、又は併設の指定認知症対応型共同生活介護事業所、指定地域密着型特定施設、指定地域密着型介護老人福祉施設、介護医療院の職務に従事することができます。
A29: 9 | B29: 管理者 | C29: 1 | D29: 常勤の管理者を配置していますか。 | E29: 基準第172条 解釈通知第3八2(2)①② | F29: ・管理者の雇用形態がわかるもの ・管理者の勤務体制及び勤務実績がわかるもの（例：勤務体制一覧表、勤務実績表） ・管理者の勤怠状況がわかるもの（例：タイムカード、勤怠管理システム） ・研修を修了したことがわかるもの | H29: □ | I29: □
C30: 2 | D30: 管理者は支障がある兼務をしていませんか。 | G30: □ | H30: □ | I30: □
D31: ※管理者は、事業所の管理上支障がない場合は、当該事業所の他の職務、又は他の事業所、施設等の職務に従事することができますが、他の事業所、施設等の職務については次のとおりとされています。 ①同一の事業者によって設置されたものであること ②他の事業所、施設等の管理者又は従業者としての職務に従事する時間帯も、当該事業所の利用者へのサービス提供の場面等で生じる事象を適時かつ適切に把握でき、職員及び業務の一元的な管理・指揮命令に支障が生じないこと ③次の場合は支障があると考えられるとされています。 ・管理すべき事業所数が過剰であると個別に判断される場合 ・併設される入所施設において入所者に対しサービス提供を行う看護・介護職員と兼務する場合（施設における勤務時間が極めて限られている場合を除く。） ・事故発生時等の緊急時において管理者自身が速やかに当該事業所又は利用者へのサービス提供の現場に駆け付けることができない体制となっている場合
C32: 3 | D32: 管理者は、特別養護老人ホーム、老人デイサービスセンター、介護老人保健施設、介護医療院、指定小規模多機能型居宅介護事業所、指定認知症対応型共同生活介護事業所、指定複合型サービス事業所等の従業者又は訪問介護員等として3年以上認知症である者の介護に従事した経験を有する者となっていますか。 | H32: □ | I32: □
C33: 4 | D33: 管理者が保健師又は看護師ではない場合は、厚生労働大臣が定める研修（認知症対応型サービス事業管理者研修又はみなし措置に該当する研修）を修了していますか。 | H33: □ | I33: □
A34: 10 | B34: 代表者 | C34: 1 | D34: 代表者は、特別養護老人ホーム、老人デイサービスセンター、介護老人保健施設、介護医療院、指定小規模多機能型居宅介護事業所、指定認知症対応型共同生活介護事業所、指定複合型サービス事業所等の従業者、訪問介護員等として認知症である者の介護に従事した経験を有する者又は保健医療サービス若しくは福祉サービスの経営に携わった経験を有する者又は保健師若しくは看護師となっていますか。 | E34: 基準第173条 解釈通知第3八2(3)② | H34: □ | I34: □
C35: 2 | D35: 代表者が保健師又は看護師ではない場合は、厚生労働大臣が定める研修（認知症対応型サービス事業開設者研修又はみなし措置に該当する研修）を修了していますか。 | H35: □ | I35: □
A36: Ⅳ 設備基準
A37: 11 | B37: 登録定員及び利用定員 | C37: 1 | D37: 登録定員及び利用定員を適切に設定していますか。 | E37: 基準第174条 | F37: ・平面図 | H37: □ | I37: □
D38: ※登録定員・・・・・・・・・・29人以下 ※通いサービスの利用定員・・・登録定員の2分の1から15人まで(注) (注)登録定員が26人・27人の場合は16人まで 登録定員が28人の場合は17人まで、登録定員が29人の場合は18人まで ※宿泊サービスの利用定員・・・通いサービスの利用定員の3分の1から9人まで
A39: 12 | B39: 設備及び備品等 | C39: 1 | D39: 居間、食堂、台所、宿泊室、浴室、消火設備その他の非常災害に際して必要な設備その他サービスの提供に必要な設備及び備品等を備えていますか。 | E39: 基準第175条 | H39: □ | I39: □
A40: 13 | B40: 居間及び食堂 | C40: 1 | D40: 居間及び食堂は、機能を十分に発揮しうる適当な広さを有していますか。 | E40: 基準第175条第2項第1号 解釈通知第3八3⑵②ロ | H40: □ | I40: □
D41: なお、通いサービスの利用定員が15名を超える場合は、1人当たり3㎡以上を確保することが必要とされています。
A42: 14 | B42: 宿泊室 | C42: 1 | D42: 宿泊室の定員は1人となっていますか。 | E42: 基準第175条第2項第2号 | H42: □ | I42: □
C43: 2 | D43: 宿泊室の床面積は7.43㎡以上となっていますか。 | H43: □ | I43: □
C44: 3 | D44: 個室以外の宿泊室の場合、1人当たりの床面積は7.43㎡以上となっていますか。 | G44: □ | H44: □ | I44: □
C45: 4 | D45: 個室以外の宿泊室の場合、プライバシーが確保されていますか。 | G45: □ | H45: □ | I45: □
A46: 15 | B46: 設備の専用 | C46: 1 | D46: 設備は、専ら当該指定看護小規模多機能型居宅介護の事業の用に供するものとなっていますか。 | E46: 基準第175条第3項 | G46: □ | H46: □ | I46: □
C47: 2 | D47: 支障がある共用をしていませんか。 | G47: □ | H47: □ | I47: □
A48: Ⅴ 運営基準
A49: 16 | B49: 内容及び手続の説明及び同意 | C49: 1 | D49: サービスの提供の開始に際し、あらかじめ、利用申込者又はその家族に対し、運営規程の概要、従業者の勤務の体制その他の利用申込者のサービスの選択に資すると認められる重要事項（注）を記した文書を交付して説明を行い、当該提供の開始について利用申込者の同意を得ていますか。 | E49: 基準第3条の7第1項 解釈通知第3一4(2) | F49: ・重要事項説明書（利用申込者又は家族の同意があったことがわかるもの） ・利用契約書 | H49: □ | I49: □
D50: （注）事故発生時の対応、苦情処理の体制、提供するサービスの第三者評価の実施状況（実施の有無、実施した直近の年月日、実施した評価機関の名称、評価結果の開示状況）等
C51: 2 | D51: 利用申込者又は家族の申出及び承諾があり、重要事項を電子メールの送信など電磁的方法により提供している場合、基準に則って適切に提供していますか。 | E51: 基準第3条の7第2項～第6項 | G51: □ | H51: □ | I51: □
A52: 17 | B52: 提供拒否の禁止 | C52: 1 | D52: 正当な理由なくサービスの提供を拒んでいませんか。 | E52: 基準第3条の8 解釈通知第3一4(3) | G52: □ | H52: □ | I52: □
D53: ※正当な理由とは、①現員からは利用申込に応じきれない場合、②利用申込者の居住地が通常の事業の実施地域外である場合、その他利用申込者に対し自ら適切なサービスを提供することが困難な場合となっています。
A54: 18 | B54: サービス提供困難時の対応 | C54: 1 | D54: 通常の事業の実施地域等を勘案し、利用申込者に対し自ら適切なサービスを提供することが困難であると認めた場合は、当該利用申込者に係る居宅介護支援事業者への連絡、適当な他の事業者等の紹介その他の必要な措置を速やかに講じていますか。 | E54: 基準第3条の9 | G54: □ | H54: □ | I54: □
A55: 19 | B55: 受給資格等の確認 | C55: 1 | D55: サービスの提供を求められた場合は、その者の提示する被保険者証によって、被保険者資格、要介護認定の有無及び要介護認定の有効期間を確かめていますか。 | E55: 基準第3条の10第1項 | F55: ・介護保険番号、有効期限等を確認している記録等 | H55: □ | I55: □
C56: 2 | D56: 被保険者証に、介護保険法第78条の3第2項に規定する認定審査会意見が記載されているときは、配慮して、サービスを提供するように努めていますか。 | E56: 基準第3条の10第2項 | G56: □ | H56: □ | I56: □
A57: 20 | B57: 要介護認定の申請に係る援助 | C57: 1 | D57: サービスの提供の開始に際し、要介護認定を受けていない利用申込者については、要介護認定の申請が既に行われているかどうかを確認し、申請が行われていない場合は、当該利用申込者の意思を踏まえて速やかに当該申請が行われるよう必要な援助を行っていますか。 | E57: 基準第3条の11第1項 | G57: □ | H57: □ | I57: □
C58: 2 | D58: 居宅介護支援が利用者に対して行われていない等の場合であって必要と認めるときは、要介護認定の更新の申請が、遅くとも当該利用者が受けている要介護認定の有効期間が終了する30日前までに行われるよう、必要な援助を行っていますか。 | E58: 基準第3条の11第2項 | G58: □ | H58: □ | I58: □
A59: 21 | B59: 心身の状況等の把握 | C59: 1 | D59: サービスの提供に当たっては、介護支援専門員が開催するサービス担当者会議等を通じて、利用者の心身の状況、その置かれている環境、他の保健医療サービス又は福祉サービスの利用状況等の把握に努めていますか。 | E59: 基準第68条 | F59: ・サービス担当者会議の記録 | H59: □ | I59: □
A60: 22 | B60: 居宅サービス事業者等との連携 | C60: 1 | D60: サービスの提供に当たっては、居宅サービス事業者その他保健医療サービス又は福祉サービスを提供する者との密接な連携に努めていますか。 | E60: 基準第69条第1項 | H60: □ | I60: □
C61: 2 | D61: サービスの提供に当たっては、利用者の健康管理を適切に行うため、主治の医師との密接な連携に努めていますか。 | E61: 基準第69条第2項 | H61: □ | I61: □
C62: 3 | D62: サービスの提供の終了に際しては、利用者又はその家族に対して適切な指導を行うとともに、当該利用者に係る居宅介護支援事業者に対する情報の提供及び保健医療サービス又は福祉サービスを提供する者との密接な連携に努めていますか。 | E62: 基準第69条第3項 | H62: □ | I62: □
A63: 23 | B63: 身分を証する書類の携行 | C63: 1 | D63: 従業者のうち訪問サービスの提供に当たるものに身分を証する書類を携行させ、初回訪問時及び利用者又はその家族から求められたときは、これを提示すべき旨を指導していますか。 | E63: 基準第70条 | H63: □ | I63: □
A64: 24 | B64: サービスの提供の記録 | C64: 1 | D64: サービスを提供した際には、提供日及び内容、介護保険法第42条の2第6項の規定により利用者に代わって支払を受ける地域密着型介護サービス費の額その他必要な事項を、居宅サービス計画を記載した書面又はこれに準ずる書面に記載していますか。 | E64: 基準第3条の18第1項 | F64: ・居宅サービス計画 ・サービス提供記録 ・送迎記録がわかるもの | H64: □ | I64: □
C65: 2 | D65: サービスを提供した際には、提供した具体的なサービスの内容等を記録するとともに、利用者からの申出があった場合には、文書の交付その他適切な方法により、その情報を提供していますか。 | E65: 基準第3条の18第2項 | H65: □ | I65: □
A66: 25 | B66: 利用料等の受領 | C66: 1 | D66: 法定代理受領サービスに該当する場合は、利用者から地域密着型介護サービス費用基準額から事業者に支払われる地域密着型介護サービス費の額を控除して得た額の支払を受けていますか。 | E66: 基準第71条第1項 | F66: ・請求書 ・領収書 | H66: □ | I66: □
C67: 2 | D67: 法定代理受領サービスに該当しない場合は、利用者から支払を受ける利用料の額と、地域密着型介護サービス費用基準額との間に、不合理な差額が生じないようにしていますか。 | E67: 基準第71条第2項 | G67: □ | H67: □ | I67: □
A68: 25 | B68: 利用料等の受領 | C68: 3 | D68: 次の(1)～(6)の費用の額の支払を利用者から適切に受けていますか。 | E68: 基準第71条第3項 | F68: ・請求書 ・領収書
D69: (1) 利用者の選定により通常の事業の実施地域以外の地域に居住する利用者に対して行う送迎に要する費用 | G69: □ | H69: □ | I69: □
D70: (2) 利用者の選択により通常の事業の実施地域以外の地域の居宅において訪問サービスを提供する場合は、それに要した交通費の額 | G70: □ | H70: □ | I70: □
D71: (3) 食事の提供に要する費用 | G71: □ | H71: □ | I71: □
D72: (4) 宿泊に要する費用 | G72: □ | H72: □ | I72: □
D73: (5) おむつ代 | G73: □ | H73: □ | I73: □
D74: (6) 前各号に掲げるもののほか、サービスの提供において提供される便宜のうち、日常生活においても通常必要となるものに係る費用であって、その利用者に負担させることが適当と認められる費用 | G74: □ | H74: □ | I74: □
C75: 4 | D75: (3)及び（4）の費用については、厚生労働大臣が定めるところ（注）によっていますか。 （注）居住、滞在及び宿泊並びに食事の提供に係る利用料等に関する指針 | E75: 基準第71条第4項 | G75: □ | H75: □ | I75: □
C76: 5 | D76: 介護保険給付の対象となる指定看護小規模多機能型居宅介護のサービスと明確に区分されるサービスを実施していますか。実施している場合には適切な料金設定(注)をしていますか。 | E76: 解釈通知第3一4(13)② 解釈通知第3四4(4)②へ | G76: □ | H76: □ | I76: □
D77: （注)イ 利用者に、当該事業が指定看護小規模多機能型居宅介護の事業とは別事業であり、当該サービスが介護保険給付の対象とならないサービスであることを説明し、理解を得ること。 ロ 当該事業の目的、運営方針、利用料等が、指定看護小規模多機能型居宅介護事業所の運営規程とは別に定められていること。 ハ 会計が指定看護小規模多機能型居宅介護の事業の会計と区分されていること。
D78: ※保険給付の対象となっているサービスと明確に区分されないあいまいな名目による費用の支払を受けることは認められません。
C79: 6 | D79: 地域密着型介護サービス費用基準額等の利用者負担分以外の費用の額に係るサービスの提供に当たっては、あらかじめ、利用者又はその家族に対し、当該サービスの内容及び費用について説明を行い、利用者の同意を得ていますか。 | E79: 基準第71条第5項 | G79: □ | H79: □ | I79: □
A80: 26 | B80: 保険給付の請求のための証明書の交付 | C80: 1 | D80: 法定代理受領サービスに該当しないサービスに係る利用料の支払を受けた場合は、提供したサービスの内容、費用の額その他必要と認められる事項を記載したサービス提供証明書を利用者に対して交付していますか。 | E80: 基準第3条の20 | G80: □ | H80: □ | I80: □
A81: 27 | B81: 指定看護小規模多機能型居宅介護の基本取扱方針 | C81: 1 | D81: サービスは、利用者の要介護状態の軽減又は悪化の防止に資するよう、その目標を設定し、計画的に行っていますか。 | E81: 基準第176条第1項 | H81: □ | I81: □
C82: 2 | D82: 自らその提供するサービスの質の評価を行い、それらの結果を公表し、常にその改善を図っていますか。 | E82: 基準第176条第2項 | H82: □ | I82: □
A83: 28 | B83: 指定看護小規模多機能型居宅介護の具体的取扱方針 | C83: 1 | D83: サービスは、利用者が住み慣れた地域での生活を継続することができるよう、利用者の病状、心身の状況、希望及びその置かれている環境を踏まえて、通いサービス、訪問サービス及び宿泊サービスを柔軟に組み合わせることにより、当該利用者の居宅において、又はサービスの拠点に通わせ、若しくは短期間宿泊させ、日常生活上の世話及び機能訓練並びに療養上の世話又は必要な診療の補助を妥当適切に行っていますか。 | E83: 基準第177条第1項第1号 | F83: ・身体的拘束等の記録（身体的拘束等がある場合） ・身体的拘束等の適正化のための指針 ・身体的拘束等の適正化検討委員会の開催状況及び結果がわかるもの ・身体的拘束等の適正化のための研修の開催状況及び結果がわかるもの | H83: □ | I83: □
C84: 2 | D84: サービスは、利用者一人一人の人格を尊重し、利用者がそれぞれの役割を持って家庭的な環境の下で日常生活を送ることができるよう配慮して行っていますか。 | E84: 基準第177条第1項第2号 | H84: □ | I84: □
C85: 3 | D85: サービスの提供に当たっては、看護小規模多機能型居宅介護計画に基づき、漫然かつ画一的にならないように、利用者の機能訓練及びその者が日常生活を営むことができるよう必要な援助を行っていますか。 | E85: 基準第177条第1項第3号 | H85: □ | I85: □
C86: 4 | D86: サービスの提供に当たっては、懇切丁寧に行うことを旨とし、利用者又はその家族に対し、サービスの提供等について、理解しやすいように説明又は必要に応じた指導を行っていますか。 | E86: 基準第177条第1項第4号 | H86: □ | I86: □
C87: 5 | D87: サービスの提供に当たっては、当該利用者又は他の利用者等の生命又は身体を保護するため緊急やむを得ない場合を除き、身体的拘束等を行っていませんか。 | E87: 基準第177条第1項第5号 | H87: □ | I87: □
C88: 6 | D88: 前号の身体的拘束等を行う場合には、その態様及び時間、その際の利用者の心身の状況並びに緊急やむを得ない理由を記録していますか。 | E88: 基準第177条第1項第6号 | G88: □ | H88: □ | I88: □
C89: 7 | D89: 身体的拘束等の適正化のための対策を検討する委員会を3月に1回以上開催するとともに、その結果について、従業者に周知徹底を図っていますか。 | E89: 基準第177条第1項第7号イ 解釈通知第3八4(1)④ | H89: □ | I89: □
D90: ※委員会は、関係する職種、取り扱う事項等が相互に関係が深いと認められる他の会議体を設置している場合、これと一体的に設置・運営することとして差し支えないとされ、委員会の役割を次のように想定されています。
D91: イ 身体的拘束等について報告するための様式を整備すること。 ロ 介護従業者その他の従業者は、身体的拘束等の発生ごとにその状況、背景等を記録するとともに、イの様式に従い、身体的拘束等について報告すること。 ハ 身体的拘束等適正化検討委員会において、ロにより報告された事例を集計し、分析すること。 ニ 事例の分析に当たっては、身体的拘束等の発生時の状況等を分析し、身体的拘束等の発生原因、結果等をとりまとめ、当該事例の適正性と適正化策を検討すること。 ホ 報告された事例及び分析結果を従業者に周知徹底すること。 ヘ 適正化策を講じた後に、その効果について評価すること。
A92: 28 | B92: 指定看護小規模多機能型居宅介護の具体的取扱方針 | C92: 8 | D92: 身体的拘束等の適正化のための指針を整備していますか。 | E92: 基準第177条第1項第7号ロ 解釈通知第3八4(1)⑤ | F92: ・身体的拘束等の記録（身体的拘束等がある場合） ・身体的拘束等の適正化のための指針 ・身体的拘束等の適正化検討委員会の開催状況及び結果がわかるもの ・身体的拘束等の適正化のための研修の開催状況及び結果がわかるもの | H92: □ | I92: □
D93: ※「身体的拘束等の適正化のための指針」には、次のような項目を盛り込むこととされています。
D94: イ 事業所における身体的拘束等の適正化に関する基本的考え方 ロ 身体的拘束等適正化検討委員会その他事業所内の組織に関する事項 ハ 身体的拘束等の適正化のための職員研修に関する基本方針 ニ 事業所内で発生した身体的拘束等の報告方法等のための方策に関する基本方針 ホ 身体的拘束等発生時の対応に関する基本方針 ヘ 利用者等に対する当該指針の閲覧に関する基本方針 ト その他身体的拘束等の適正化の推進のために必要な基本方針
C95: 9 | D95: 従業者に対し、身体的拘束等の適正化のための研修を定期的（年2回以上）及び新規採用時に実施していますか。 | E95: 基準第177条第1項第7号ハ 解釈通知第3八4(1)⑥ | H95: □ | I95: □
C96: 10 | D96: サービスは、通いサービスの利用者が登録定員に比べて著しく少ない状態（※）が続くものとなっていませんか。 | E96: 基準第177条第1項第8号 解釈通知第3八4(1)⑦ | H96: □ | I96: □
D97: ※登録定員のおおむね３分の１以下が目安とされています。
C98: 11 | D98: 登録者が通いサービスを利用していない日においては、可能な限り、訪問サービスの提供、電話連絡による見守り等を行う等登録者の居宅における生活を支えるために適切なサービス（※）を提供していますか。 | E98: 基準第177条第1項第9号 解釈通知第3八4(1)⑧ | H98: □ | I98: □
D99: ※一の利用者に対して、通いサービス及び訪問サービスを合わせて概ね週４日以上行うことが目安となるものである。事業者は、通いサービス及び訪問サービスを提供しない日であっても、電話による見守りを含め、利用者に何らかの形で関わることが望ましいとされています。
C100: 12 | D100: 看護サービス（注）の提供に当たっては、主治の医師との密接な連携により、及び看護小規模多機能型居宅介護計画に基づき、利用者の心身の機能の維持回復が図られるよう妥当適切に行っていますか。 | E100: 基準第177条第1項第10号 | H100: □ | I100: □
...

Sheet ⑹算定点検シート
A1: 608 看護小規模多機能型居宅介護費 | C1: =IF(⑴基本情報!$F$6="","",⑴基本情報!$F$6)
A3: 点検項目 | B3: 点検事項 | C3: 点検結果
A4: 登録者定員超過又は人員基準欠如 | C4: □ | D4: 該当 | E4: 業務日誌等利用者数が分かる記録
A5: 短期利用居宅介護費 | B5: 利用者の状態や家族等の事情により、居宅介護支援事業所の介護支援専門員が必要と認め、看護小規模多機能型居宅介護事業所の介護支援専門員が登録者に対するサービス提供に支障がないと認めた場合 | C5: □ | D5: あり
B6: 利用の開始に当たって、あらかじめ７日以内（利用者の日常生活上の世話を行う家族等の疾病等やむを得ない事情がある場合は14日以内）の利用期間を定めている | C6: □ | D6: あり
B7: 従業員の員数の基準を満たしている | C7: □ | D7: 該当 | E7: 勤務表・勤務実績表
B8: サービス提供が過小である場合の減算を算定していない | C8: □ | D8: 該当
A9: 身体拘束廃止未実施減算 | B9: 身体拘束等を行う場合の記録 | C9: □ | D9: 非該当
B10: 身体的拘束等の適正化のための対策を検討する委員会を３月ごとに開催 | C10: □ | D10: 非該当
B11: 身体的拘束等の適正化のための指針の整備 | C11: □ | D11: 非該当
B12: 介護職員その他の従業者に対し、身体的拘束等の適正化のための研修を定期的に実施 | C12: □ | D12: 非該当
A13: 高齢者虐待防止措置未実施減算 | B13: 虐待防止のための対策を検討する委員会を定期的に開催し、その結果について、従業者に周知徹底 | C13: □ | D13: 非該当 | E13: 委員会議事録 周知記録
B14: 虐待の防止のための指針の整備 | C14: □ | D14: 非該当 | E14: 指針
B15: 従業者に対し、虐待の防止のための研修を定期的（年１回以上）に実施 | C15: □ | D15: 非該当 | E15: 研修記録
B16: 高齢者虐待防止措置を適正に実施するための担当者の配置 | C16: □ | D16: 非該当 | E16: 担当者の配置がわかるもの
A17: 業務継続計画未策定減算 | B17: 感染症に係る業務継続計画の策定 | C17: □ | D17: 非該当 | E17: 感染症に係る業務継続計画
B18: 災害に係る業務継続計画の策定 | C18: □ | D18: 非該当 | E18: 災害に係る業務継続計画
B19: 業務継続計画に従い必要な措置 | C19: □ | D19: 非該当 | E19: 必要な措置を講じたことがわかるもの
A20: サービス提供が過小である場合の減算 | B20: 通いサービス、訪問サービス及び宿泊サービスの提供回数について、週平均１回に満たない場合又は登録者一人あたりの平均回数が週４回に満たない場合 | C20: □ | D20: 該当 | E20: 計算書類
A21: サテライト体制未整備減算 | B21: サテライト型又は本体事業所において、訪問看護体制減算を届出ている場合 | C21: □ | D21: 該当
A22: 特別地域看護小規模多機能型居宅介護加算 | B22: 厚生労働大臣が定める地域（平成24年厚生労働省告示第120号）に所在する事業所 | C22: □ | D22: 該当
A23: 中山間地域等における小規模事業所加算 | B23: 厚生労働大臣が定める地域（平成21年厚生労働省告示第83号）に所在する事業所 | C23: □ | D23: 該当
A24: 中山間地域等に居住する者へのサービス提供加算 | B24: 厚生労働大臣が定める地域（平成21年厚生労働省告示第83号）に居住している利用者に対して、通常の実施地域を越えてサービス提供 | C24: □ | D24: 該当
A25: 訪問看護体制減算 | B25: 算定日が属する月の前３月間において、利用者（短期利用居宅介護費を算定する者を除く）の総数のうち、主治の医師の指示に基づく看護サービスを提供した利用者の占める割合が100分の30未満 | C25: □ | D25: 該当 | E25: 計算書類
B26: 算定日が属する月の前３月間において、利用者（短期利用居宅介護費を算定する者を除く）の総数のうち、緊急時対応加算を算定した利用者の占める割合が100分の30未満 | C26: □ | D26: 該当 | E26: 計算書類
B27: 算定日が属する月の前３月間において、利用者（短期利用居宅介護費を算定する者を除く）の総数のうち、特別管理加算を算定した利用者の占める割合が100分の5未満 | C27: □ | D27: 該当 | E27: 計算書類
A28: 医療保険の訪問看護を行う場合の減算 | B28: 末期の悪性腫瘍、多発性硬化症、重症筋無力症、スモン、筋萎縮性側索硬化症、脊髄小脳変性症、ハンチントン病、進行性筋ジストロフィー症、パーキンソン病関連疾患（進行性核上性麻痺、大脳皮質基底核変性症及びパーキンソン病（ホーエン・ヤールの重症度分類がステージ３以上であって生活機能障害度がⅡ度又はⅢ度のものに限る。）をいう。）、多系統萎縮症（線条体黒質変性症、オリーブ橋小脳萎縮症及びシャイ・ドレーガー症候群をいう。）、プリオン病、亜急性硬化性全脳炎、ライソゾーム病、副腎白質ジストロフィー、脊髄性筋萎縮症、球脊髄性筋萎縮症、慢性炎症性脱随性多発神経炎、後天性免疫不全症候群、頚(けい)髄損傷及び人工呼吸器を使用している状態 | C28: □ | D28: 該当
B29: 一時的に頻回の訪問看護を行う必要がある旨の特別指示 | C29: □ | D29: 該当 | E29: 主治医の指示書等
A30: 初期加算 | B30: 登録した日から起算して30日以内（30日を超える病院又は診療所への入院後にサービスの利用を再び開始した場合も、同様とする。） | C30: □ | D30: 該当
A31: 認知症加算（Ⅰ） | B31: 日常生活に支障をきたすおそれのある症状又は行動が認められることから介護を必要とする認知症の者（認知症高齢者の日常生活自立度Ⅲ以上）（以下「対象者」） | C31: □ | D31: 該当 | E31: 修了証等、主治医意見書等
B32: 認知症介護に係る専門的な研修（認知症介護実践リーダー研修等）を修了している者を、対象者の数が２０人未満の場合は１人以上、対象者が２０人以上の場合は、１に対象者の数が１９を超えて１０又は端数を増すごとに１を加えた数を配置し、チームとして専門的な認知症ケアの実施 | C32: □ | D32: 実施 | E32: 議事録等
B33: 従業者に対する認知症ケアに関する留意事項の伝達又は技術的指導の会議を定期的に開催 | C33: □ | D33: 実施 | E33: 修了証等
B34: 認知症介護の指導に係る専門的な研修（認知症介護指導者養成研修等）修了者を１名以上配置し、事業所全体の認知症ケアの指導等を実施 | C34: □ | D34: 実施 | E34: 研修計画書、研修記録
B35: 介護職員、看護職員ごとの認知症ケアに関する研修計画の作成及び研修の実施又は実施を予定 | C35: □ | D35: 実施
B36: 認知症加算（Ⅱ）（Ⅲ）を算定していない | C36: □ | D36: 該当
A37: 認知症加算（Ⅱ） | B37: 日常生活に支障をきたすおそれのある症状又は行動が認められることから介護を必要とする認知症の者（認知症高齢者の日常生活自立度Ⅲ以上）（以下「対象者」） | C37: □ | D37: 該当
B38: 認知症介護に係る専門的な研修（認知症介護実践リーダー研修等）を修了している者を、対象者の数が２０人未満の場合は１人以上、対象者が２０人以上の場合は、１に対象者の数が１９を超えて１０又は端数を増すごとに１を加えた数を配置し、チームとして専門的な認知症ケアの実施 | C38: □ | D38: 該当 | E38: 修了証等、主治医意見書等
B39: 従業者に対する認知症ケアに関する留意事項の伝達又は技術的指導の会議を定期的に開催 | C39: □ | D39: 実施 | E39: 議事録等
B40: 認知症加算（Ⅰ）（Ⅲ）を算定していない | C40: □ | D40: 該当
A41: 認知症加算（Ⅲ） | B41: 日常生活に支障をきたすおそれのある症状又は行動が認められることから介護を必要とする認知症の者（認知症高齢者の日常生活自立度Ⅲ以上） | C41: □ | D41: 該当 | E41: 要介護度および認知症日常生活自立度のわかる書類（主治医意見書等）
B42: 認知症加算（Ⅰ）（Ⅱ）を算定していない | C42: □ | D42: 該当
A43: 認知症加算（Ⅳ） | B43: 要介護２であって周囲の者による日常生活に対する注意を必要とする認知症の者（認知症高齢者の日常生活自立度Ⅱ） | C43: □ | D43: 該当 | E43: 要介護度および認知症日常生活自立度のわかる書類（主治医意見書等）
A44: 認知症行動・心理症状緊急対応加算 | B44: 利用者に認知症の行動・心理症状が認められ、緊急に短期利用（短期利用居宅介護費）が必要であると医師が判断し、医師が判断した当該日又はその次の日に利用を開始した場合 | C44: □ | D44: 該当 | E44: 情報提供書・主治医の意見書・契約書等
B45: 介護支援専門員、受入事業所の職員と連携をし、利用者又は家族との同意の上、短期利用（短期利用居宅介護費）を開始 | C45: □ | D45: 該当
B46: 判断を行った医師は症状、判断の内容等を診療録等に記録し、事業所は判断を行った医師名、日付及び留意事項等を介護サービス計画書に記録している | C46: □ | D46: 該当 | E46: 看護小規模多機能型居宅介護計画書
B47: 利用開始日から起算して７日以内 | C47: □ | D47: 該当
A48: 若年性認知症利用者受入加算 | B48: 若年性認知症利用者ごとに個別に担当者を定めている | C48: □ | D48: 該当
B49: 担当者を中心に利用者の特性やニーズに応じたサービスの提供 | C49: □ | D49: 実施 | E49: 看護小規模多機能型居宅介護計画、サービス提供の記録等
A50: 栄養アセスメント加算 | B50: 管理栄養士（外部との連携を含む）を１人配置 | C50: □ | D50: 配置
B51: 利用者ごとに管理栄養士、看護職員、介護職員、生活相談員その他の職員が共同で栄養アセスメントを3月に1回以上行い、利用者、家族に結果を説明し、相談等に対応 | C51: □ | D51: 該当 | E51: アセスメント記録
B52: 利用者ごとの栄養状態等の情報を厚生労働省（LIFE)へ提出し、当該情報その他栄養管理の適切かつ有効な実施のために必要な情報を活用 | C52: □ | D52: 該当 | E52: 看護小規模多機能型居宅介護計画
B53: 当該利用者が栄養改善加算に係る栄養改善サービスを受けている間及び当該栄養改善サービスが終了した日の属する月は算定しない（ただし、栄養アセスメント加算に基づく栄養アセスメントの結果、栄養改善加算に係る栄養改善サービスの提供が必要と判断された場合を除く） | C53: □ | D53: 該当
B54: 定員、人員基準に適合 | C54: □ | D54: 該当
A55: 栄養改善加算 | B55: 当該事業所の従業者又は外部との連携により管理栄養士を１名以上配置 | C55: □ | D55: 該当
B56: 利用者の栄養状態を利用開始時に把握し、管理栄養士、看護職員、介護職員、生活相談員その他の職員が共同して利用者ごとの摂食・嚥下機能及び食形態に配慮した栄養ケア計画の作成 | C56: □ | D56: 実施 | E56: 栄養ケア計画
B57: 利用者等に対する計画の説明及び同意の有無 | C57: □ | D57: あり | E57: 栄養ケア計画
B58: 栄養ケア計画に従い、必要に応じて居宅を訪問し、管理栄養士等が栄養改善サービスの提供、栄養状態等の記録 | C58: □ | D58: 実施
B59: 栄養ケア計画の定期的な（おおむね３月ごと）評価、介護支援専門員や主治の医師に対する情報提供 | C59: □ | D59: 実施
B60: 定員、人員基準に適合 | C60: □ | D60: 該当
B61: ３月以内の期間に限り１月に２回を限度として算定 | C61: □ | D61: 該当
A62: 口腔・栄養スクリーニング加算（Ⅰ） | B62: 利用開始時及び利用中６月ごとに利用者の口腔の健康状態について確認し、情報を担当の介護支援専門員に提供 | C62: □ | D62: 該当
B63: 利用開始時及び利用中６月ごとに利用者の栄養状態について確認し、情報を担当の介護支援専門員に提供 | C63: □ | D63: 該当
B64: 定員、人員基準に適合 | C64: □ | D64: 該当
B65: 算定日が属する月が、次の(一)、(二)のいずれにも非該当
B66: （一）栄養アセスメント加算を算定している間である又は当該利用者が栄養改善加算の算定に係る栄養改善サービスを受けている間である若しくは当該栄養改善サービスが終了した日の属する月（栄養状態のスクリーニングを行った結果、栄養改善サービスが必要であると判断され、栄養改善サービスが開始された日の属する月を除く） | C66: □ | D66: 非該当
B67: （二）当該利用者が口腔機能向上加算の算定に係る口腔機能向上サービスを受けている間である又は当該口腔機能向上サービスが終了した日の属する月（口腔の健康状態のスクリーニングを行った結果、口腔機能向上サービスが必要であると判断され、口腔機能向上サービスが開始された日の属する月を除く） | C67: □ | D67: 非該当
B68: 他事業所で口腔連携強化加算を算定していない | C68: □ | D68: 該当
B69: 他の事業所で当該加算を算定していない | C69: □ | D69: 該当
A70: 口腔・栄養スクリーニング加算（Ⅱ） | B70: 定員、人員基準に適合 | C70: □ | D70: 該当
B71: 他の事業所で当該加算を算定していない | C71: □ | D71: 該当
B72: 次の１、２のいずれかに該当 | C72: □ | D72: 該当
B73: 1 次の①～③のいずれにも該当
B74: ①利用開始時及び利用中６月ごとに利用者の口腔の健康状態について確認し、情報を担当の介護支援専門員に提供 | C74: □ | D74: 該当
B75: ②算定日が属する月が、栄養アセスメント加算を算定している間である又は当該利用者が栄養改善加算の算定に係る栄養改善サービスを受けている間である若しくは当該栄養改善サービスが終了した日の属する月（栄養状態のスクリーニングを行った結果、栄養改善サービスが必要であると判断され、栄養改善サービスが開始された日の属する月を除く）である | C75: □ | D75: 該当
B76: ③算定日が属する月が、当該利用者が口腔機能向上加算の算定に係る口腔機能向上サービスを受けている間及び当該口腔機能向上サービスが終了した日の属する月ではない | C76: □ | D76: 該当
B77: ２ 次の①～④のいずれにも該当
B78: ①利用開始時及び利用中６月ごとに利用者の栄養状態について確認し、情報を担当の介護支援専門員に提供 | C78: □ | D78: 該当
B79: ②算定日が属する月が、栄養アセスメント加算を算定していない、かつ、当該利用者が栄養改善加算の算定に係る栄養改善サービスを受けている間又は当該栄養改善サービスが終了した日の属する月ではない | C79: □ | D79: 該当
B80: ③算定日が属する月が、当該利用者が口腔機能向上加算の算定に係る口腔機能向上サービスを受けている間及び当該口腔機能向上サービスが終了した日の属する月（口腔の健康状態のスクリーニングを行った結果、口腔機能向上サービスが必要であると判断され、口腔機能向上サービスが開始された日の属する月を除く）である | C80: □ | D80: 該当
B81: ④他事業所で口腔連携強化加算を算定していない | C81: □ | D81: 該当
A82: 口腔機能向上加算（Ⅰ） | B82: 言語聴覚士、歯科衛生士又は看護職員を１名以上配置 | C82: □ | D82: 配置
B83: 利用者の口腔機能を利用開始時に把握し、言語聴覚士、歯科衛生士、看護職員、介護職員、生活相談員その他の職種の者が共同して口腔機能改善管理指導計画の作成 | C83: □ | D83: 該当 | E83: 口腔機能改善管理指導計画
A84: 口腔機能向上加算（Ⅰ） | B84: 利用者等に対して計画の説明を行い同意を得ている | C84: □ | D84: 該当 | E84: 口腔機能改善管理指導計画
B85: 介護保険の口腔機能向上サービスとして「摂食・嚥下機能に関する訓練の指導若しくは実施」を行っている | C85: □ | D85: 該当
B86: 口腔機能改善管理指導計画に基づく言語聴覚士、歯科衛生士又は看護職員による口腔機能向上サービスの提供、定期的な記録作成 | C86: □ | D86: 該当 | E86: 口腔機能改善管理指導計画・サービス提供記録
B87: 利用者毎の口腔機能改善管理指導計画の進捗状況を定期的（おおむね３月ごと）に評価し、介護支援専門員、主治の医師・歯科医師への情報提供 | C87: □ | D87: 該当
B88: 定員、人員基準に適合 | C88: □ | D88: 該当
B89: ３月以内の期間に限り１月に２回を限度として算定 | C89: □ | D89: 該当
A90: 口腔機能向上加算（Ⅱ） | B90: 言語聴覚士、歯科衛生士又は看護職員を１名以上配置 | C90: □ | D90: 配置
B91: 利用者の口腔機能を利用開始時に把握し、言語聴覚士、歯科衛生士、看護職員、介護職員、生活相談員その他の職種の者が共同して口腔機能改善管理指導計画の作成 | C91: □ | D91: 該当 | E91: 口腔機能改善管理指導計画
B92: 利用者等に対して計画の説明を行い同意を得ている | C92: □ | D92: 該当 | E92: 口腔機能改善管理指導計画
B93: 介護保険の口腔機能向上サービスとして「摂食・嚥下機能に関する訓練の指導若しくは実施」を行っている。 | C93: □ | D93: 該当
B94: 口腔機能改善管理指導計画に基づく言語聴覚士、歯科衛生士又は看護職員による口腔機能向上サービスの提供、定期的な記録作成 | C94: □ | D94: 該当 | E94: 口腔機能改善管理指導計画・サービス提供記録
B95: 利用者毎の口腔機能改善管理指導計画の進捗状況を定期的（おおむね３月ごと）に評価し、介護支援専門員、主治の医師・歯科医師への情報提供 | C95: □ | D95: 該当 | E95: 口腔機能向上サービスのモニタリング
B96: 定員、人員基準に適合 | C96: □ | D96: 該当
B97: ３月以内の期間に限り１月に２回を限度として算定 | C97: □ | D97: 該当
B98: 利用者毎の口腔機能改善管理指導計画等の内容等を厚生労働省（LIFE）に提供及び情報の活用 | C98: □ | D98: 該当
A99: 退院時共同指導加算 | B99: 事業所の保健師、看護師又は理学療法士、作業療法士若しくは言語聴覚士による共同指導 | C99: □ | D99: 実施 | E99: 共同指導の書類等
B100: 退院又は退所後に初回の訪問看護サービスを実施 | C100: □ | D100: 実施
B101: 厚生労働大臣が定める状態に該当（利用者等告示第53号） | C101: □ | D101: 該当
...
